 Dungeon Crawl Stone Soup version 0.32-a0-12-g7fc57aa741 (webtiles) character file.

Game seed: 12600837343406314105

217 oldriver the Magician (level 5, -7/37 HPs)
             Began as a Demonspawn Earth Elementalist on Jan 15, 2024.
             Mangled by a sleepcap (19 damage)
             ... on level 4 of the Dungeon.
             The game lasted 00:03:45 (2558 turns).

oldriver the Magician (DsEE)                        Turns: 2558, Time: 00:03:45

Health: -7/37      AC:  5    Str:  8    XL:     5   Next: 62%
Magic:  6/10       EV:  2    Int: 17    God:
Gold:   234        SH:  0    Dex: 14    Spells: 4/11 levels left

rFire   . . .        g - staff of air
rCold   . . .        (no shield)
rNeg    + . .        a - +0 robe
rPois   .            (no helmet)
rElec   +            (no cloak)
rCorr   .            o - +0 pair of gloves
SInv    +            (no boots)
Will    .....        (no amulet)
Stlth   ++           h - ring of positive energy
HPRegen 0.26/turn    n - ring of see invisible
MPRegen 0.12/turn

%: no passive effects
@: sleeping
A: icy blue scales 1, spiny 1
a: no special abilities


You were on level 4 of the Dungeon.
You visited 1 branch of the dungeon, and saw 4 of its levels.

You collected 234 gold pieces.

Inventory:

Armour
 a - a +0 robe (worn)
 o - a +0 pair of gloves (worn)
 p - a +0 buckler
Magical Staves
 g - a staff of air (weapon)
Jewellery
 h - a ring of positive energy (left hand)
 i - a ring of fire
 n - a ring of see invisible (right hand)
Wands
 k - a wand of quicksilver (10)
 q - a wand of flame (4)
Scrolls
 c - 2 scrolls of teleportation {unknown}
 d - 5 scrolls of identify {unknown}
 f - a scroll of poison {unknown}
 j - a scroll of fog {unknown}
Potions
 b - a potion of magic
 e - a potion of might {unknown}
 l - a potion of ambrosia {unknown}
 m - a potion of degeneration {unknown}


   Skills:
 + Level 1.4 Fighting
 - Level 1.7 Dodging
 - Level 1.7 Stealth
 * Level 3.9 Spellcasting
 + Level 2.6 Conjurations
 + Level 3.6 Earth Magic


You had 4 spell levels left.
You knew the following spells:

 Your Spells              Type           Power      Damage    Failure   Level
a - Sandblast             Erth           30%        2d9       3%          1
b - Passwall              Erth           15%        N/A       11%         3
c - Stone Arrow           Conj/Erth      28%        3d8       13%         3

Your spell library contained the following spells:

 Spells                   Type           Power      Damage    Failure   Level
 Momentum Strike          Conj/Tloc      14%        3d8       14%         2
 Blink                    Tloc           6%         N/A       24%         2
 Lesser Beckoning         Tloc           6%         N/A       24%         2
 Brom's Barrelling Bould  Conj/Erth      14%        2d4       41%         4
 Inner Flame              Hex/Fire       3%         N/A       43%         3
 Petrify                  Alch/Erth      9%         N/A       58%         4
 Irradiate                Conj/Alch      3%         3d12      95%         5
 Ignition                 Fire           1%         3d3       100%        8


Dungeon Overview and Level Annotations

Branches:
Dungeon (4/15)
 Temple: D:4-7

Altars:


Innate Abilities, Weirdness & Mutations

You are partially covered in icy blue scales. (AC +2)
You are partially covered in sharp spines.


Message History

You are unaffected.
You are too injured to fight recklessly!
You are too injured to fight recklessly!
You are too injured to fight recklessly!
Unknown command.
You are too injured to fight recklessly!
You are too injured to fight recklessly!
Casting: Sandblast (safe; 3% risk of failure)
Confirm with . or Enter, or press ? or * to list all spells.
Okay, then.
Casting: Sandblast (safe; 3% risk of failure)
Confirm with . or Enter, or press ? or * to list all spells.
Aiming: Sandblast (safe; 3% risk of failure)
Press: ? - help, Shift-Dir - straight line, f/p - sleepcap
Aim: a sleepcap (lightly damaged, 100% to hit)
The blast of sand hits the sleepcap.
The sleepcap is lightly damaged.
The sleepcap is struck by your spines. The sleepcap closely misses you.
The sleepcap barely misses you.
Casting: Sandblast (safe; 3% risk of failure)
Confirm with . or Enter, or press ? or * to list all spells.
Aiming: Sandblast (safe; 3% risk of failure)
Press: ? - help, Shift-Dir - straight line, f/p - sleepcap
Aim: a sleepcap (moderately damaged, 100% to hit)
The blast of sand hits the sleepcap but does no damage.
The sleepcap is moderately damaged.
The sleepcap is struck by your spines. The sleepcap releases spores at you.
Casting: Sandblast (safe; 3% risk of failure)
Confirm with . or Enter, or press ? or * to list all spells.
Aiming: Sandblast (safe; 3% risk of failure)
Press: ? - help, Shift-Dir - straight line, f/p - sleepcap
Aim: a sleepcap (moderately damaged, 100% to hit)
The blast of sand hits the sleepcap.
The sleepcap is heavily damaged.
The sleepcap releases spores at you!
You are engulfed in a cloud of soporific spores!
You fall asleep.
The sleepcap releases spores at you!!
Ouch! That really hurt!
You die...

..>.................
#.##...............
######.................†
#.......................
..............#.........
........###...##.#......
...................#....
.........####.##..#.....
......f@## #.###.......
........# #.[ ##......
......... #.## #......
........#. .# ##.....
#.......##. ###...... #.
....##. .# ..... # #


You could see a sleepcap.

Vanquished Creatures
  A bombardier beetle (D:4)
  A hound (D:4)
  11 adders
  2 dart slugs
  2 ribbon worms (D:2)
  3 endoplasms
  2 giant cockroaches
  6 goblins
  2 hobgoblins (D:1)
  6 ball pythons
  10 bats
  2 frilled lizards
  6 kobolds
  4 rats (D:1)
58 creatures vanquished.

Notes
Turn   | Place    | Note
-------+----------+-------------------------------------------
     0 | D:1      | oldriver the Demonspawn Earth Elementalist began the quest
                  | for the Orb.
     0 | D:1      | Reached XP level 1. HP: 13/13 MP: 3/3
   260 | D:1      | Gained mutation: You are partially covered in icy blue
                  | scales. (AC +2) [demonic ancestry]
   260 | D:1      | Reached XP level 2. HP: 12/19 MP: 0/5
   975 | D:2      | Reached XP level 3. HP: 24/24 MP: 1/7
  1335 | D:2      | Learned a level 3 spell: Passwall
  1339 | D:2      | Learned a level 3 spell: Stone Arrow
  1356 | D:2      | Reached XP level 4. HP: 30/30 MP: 6/8
  2352 | D:4      | Reached skill level 1 in Fighting
  2352 | D:4      | Gained mutation: You are partially covered in sharp spines.
                  | [demonic ancestry]
  2352 | D:4      | Reached XP level 5. HP: 31/37 MP: 4/10
  2558 | D:4      | Mangled by a sleepcap

Illustrated notes

Levels and vault maps discovered:
D:1:      orjb1_lava_funnel, layout_loops_cross, minmay_pentomino_q2
D:2:      layout_rooms, amethyst_killhole
D:3:      layout_basic, hangedman_glass_teeth, minivault_25,
          kennysheep_flooded_box
D:4:      layout_rooms, mainiacjoe_overflow_alcove_2,
          mainiacjoe_overflow_six_doors_small

Skill      XL: |  1  2  3  4 |
---------------+-------------+-----
Earth Magic    | 3 |  3.6
Spellcasting   | 3 |  3.9
Conjurations   | 2 |  2.6
Fighting       | 1 |  1.4
Dodging        | |  1.7
Stealth        | |  1.7

Action                     |  1- 3 |  4- 6 || total
---------------------------+-------+-------++-------
  Melee: Unarmed           |     8 |       ||     8
         Staff             |     2 |       ||     2
   Cast: Sandblast         |    53 |    47 ||   100
   Stab: Sleeping          |     1 |       ||     1
 Armour: Robe              |    23 |    20 ||    43
  Dodge: Dodged            |    30 |    20 ||    50

Table legend: (Time is in decaauts)
 A = Elapsed time spent in this place.
 B = Non-inter-level travel time spent in this place.
 C = Inter-level travel time spent in this place.
 D = Time resting spent in this place.
 E = Time spent auto-exploring this place.
 F = Levels seen in this place.
 G = Mean time per level.
                   A        B        C        D        E       F      G
               +--------+--------+--------+--------+--------+-----+--------+
         Total |   2605 |   2488 |    117 |     65 |   2008 |   4 |  651.2 |
       Dungeon |   2605 |   2488 |    117 |     65 |   2008 |   4 |  651.2 |
               +--------+--------+--------+--------+--------+-----+--------+

Top non-repeatable levels by time:
     D:1: 935 daAuts
     D:3: 774 daAuts
     D:2: 650 daAuts
     D:4: 245 daAuts
